 Dungeon Crawl Stone Soup version 0.29-a0-364-g921d912d32 (webtiles) character file.

Game seed: 2878163248670326477

12 spiderkeys the Skirmisher (level 2, -9/24 HPs)
             Began as a Mummy Abyssal Knight on Apr 30, 2022.
             Was a Believer of Lugonu.
             Mangled by a gnoll
             ... wielding a +0 flail
              (11 damage)
             ... on level 2 of the Dungeon.
             The game lasted 00:01:06 (1034 turns).

spiderkeys the Skirmisher (Mummy Abyssal Knight)    Turns: 1034, Time: 00:01:06

Health: -9/24      AC:  3    Str: 16    XL:     2   Next: 20%
Magic:  3/3        EV: 11    Int:  9    God:    Lugonu [**....]
Gold:   34         SH:  0    Dex: 12    Spells: 1/1 levels left

rFire   x . .      SeeInvis .   e - +1 dagger (elec)
rCold   + . .      Faith    .   (no shield)
rNeg    + + +      Spirit   .   b - +0 leather armour
rPois   ∞          Reflect  .   (no helmet)
rElec   .          Harm     .   (no cloak)
rCorr   .          Rampage  .   (no gloves)
Will    .....                   (no boots)
Stlth   +.........              (no amulet)
HPRegen 0.08/turn               (no ring)
MPRegen 0.08/turn               (no ring)

@: no status effects
A: cold resistance 1, negative energy resistance 3, torment resistance 2, heat
vulnerability 1, no potions
a: Renounce Religion, Depart the Abyss, Bend Space


You were on level 2 of the Dungeon.
You worshipped Lugonu.
Lugonu was pleased with you.
You visited 1 branch of the dungeon, and saw 2 of its levels.
You visited the Abyss 1 time.

You collected 34 gold pieces.


Innate Abilities, Weirdness & Mutations

You are immune to poison.
Your flesh is cold resistant. (rC+)
You are immune to negative energy. (rN+++)
You are immune to unholy pain and torment.
You are vulnerable to heat. (rF-)
You do not drink.


   Skills:
 + Level 3.1 Fighting
 + Level 1.8 Polearms
 - Level 1.5 Armour
 + Level 1.1 Dodging
 + Level 1.8 Invocations


You had one spell level left.
You didn't know any spells.
Your spell library contained the following spells:

 Spells                   Type           Power      Damage    Failure   Level
 Magic Dart               Conj           0%         1d3       45%         1
 Call Imp                 Summ           0%         N/A       58%         2
 Mephitic Cloud           Conj/Pois/Air  0%         N/A       83%         3

Inventory:

Hand Weapons
 a - a +1 spear
 e - a +1 dagger of electrocution (weapon)
   (You took it off a kobold on level 1 of the Dungeon)
Missiles
 d - 18 stones
 f - 6 poisoned darts
Armour
 b - a +0 leather armour (worn)
 j - a +0 ring mail
   (You found it on level 1 of the Dungeon)
Scrolls
 c - 2 scrolls of teleportation {unknown}
 g - a scroll of noise {unknown}
 h - 3 scrolls of brand weapon {unknown}
 i - 2 scrolls of identify {unknown}

Dungeon Overview and Level Annotations

Branches:
Dungeon (2/15)

Altars:

.# #.# . .#
#####g# .#
#...g.# .#######
#.##### .#.....#
#g# .#.###.# #g#
†...<..# #.#
##.#......# #g#
#.#############@#
#...............#
#################


You could see 3 gnolls.


Message History

Key pressed, stopping explore.
Found a stone staircase leading down.
You now have 34 gold pieces (gained 10).
There is a stone staircase leading down here.
Found a faded altar of an unknown god.
No target in view!
There is a faded altar of an unknown god here.
Key pressed, stopping explore.
i - 2 scrolls labelled ULITAIMYCH (gained 1)
A goblin comes into view. It is wielding a +0 dagger.
The goblin shouts!
You hear a shout!
You barely miss the goblin. You punch the goblin. The goblin misses you.
You completely miss the goblin. The goblin hits you but does no damage.
You closely miss the goblin.
A hobgoblin comes into view.
The goblin hits you but does no damage.
You hit the goblin.
You kill the goblin!
Lugonu accepts your kill.
You see here a +0 dagger.
A hobgoblin is nearby!
A hobgoblin is nearby!
The hobgoblin hits you. 😕 HP[-2]
You take 2 damage, and now have 22/24 hp.
You barely miss the hobgoblin. The hobgoblin barely misses you.
You hit the hobgoblin.
The hobgoblin hits you but does no damage.
You hit the hobgoblin but do no damage. The hobgoblin barely misses you.
You hit the hobgoblin but do no damage. The hobgoblin hits you. 😕 HP[-2]
You take 2 damage, and now have 20/24 hp.
You hit the hobgoblin but do no damage.
Lightning courses through the hobgoblin!
You kill the hobgoblin!
Lugonu accepts your kill.
No target in view!
No target in view!
No target in view!
Key pressed, stopping explore.
Key pressed, stopping explore.
Found a stone staircase leading down. 😎 HP[+4]
Your hp is fully restored (24).
Key pressed, stopping explore.
No target in view!
Key pressed, stopping explore.
Done exploring.
Done exploring.
There is a stone staircase leading down here.
You climb downwards.
There is a stone staircase leading up here.
A bat comes into view.
A rat comes into view.
The bat closely misses you.
You hit the bat.
You kill the bat!
Lugonu accepts your kill. The rat misses you.
You closely miss the rat. The rat bites you but does no damage.
You hit the rat. Lightning courses through the rat!
You kill the rat!
Lugonu accepts your kill.
No target in view!
No target in view!
No target in view!
No target in view!
You see here a bat corpse.
Key pressed, stopping explore.
A gnoll comes into view. It is wielding a +0 spear.
The gnoll shouts!
The gnoll moves out of view.
A gnoll comes into view. It is wielding a +0 flail.
A gnoll is nearby!
A gnoll comes into view. It is wielding a +0 flail.
The gnoll shouts!
The gnoll hits you but does no damage.
The gnoll hits you with a +0 flail! 😮 HP[-8]
You take 8 damage, and now have 16/24 hp.
MASSIVE DAMAGE!! (PAUSE)
The gnoll attacks as you move away! The gnoll hits you with a +0 spear.
* * * LOW HITPOINT WARNING * * *
The gnoll closely misses you. 😨 HP[-5]
You take 5 damage, and now have 11/24 hp.
MASSIVE DAMAGE!! (PAUSE) 😨 HP[+1]
The gnoll attacks as you move away! The gnoll barely misses you.
The gnoll attacks as you move away! The gnoll hits you with a +0 flail.
* * * LOW HITPOINT WARNING * * *
😨 HP[-4]
You take 4 damage, and now have 8/24 hp.
The gnoll attacks as you move away! The gnoll hits you with a +0 flail.
* * * LOW HITPOINT WARNING * * *
😱 HP[-6]
You take 6 damage, and now have 2/24 hp.
MASSIVE DAMAGE!! (PAUSE)
You barely miss the gnoll. The gnoll hits you with a +0 flail!
You die...

Skill      XL: |  1 |
---------------+----+-----
Dodging        | 1 |  1.1
Fighting       | |  3.1
Polearms       | |  1.8
Armour         | |  1.5
Invocations    | |  1.8

Action                   || total
-------------------------++-------
Melee: Dagger            ||    32
       Spear             ||    11
       Punch             ||     1
 Stab: Sleeping          ||     1
Armor: Leather armour    ||    23
Dodge: Dodged            ||    31

Levels and vault maps discovered:
D:1:      amcnicky_arrival_underground_garden, layout_loops_cross,
          ebering_ecumenical_altar_box, roderic_three_in_a_row
D:2:      layout_basic, serial_shops, nicolae_shop_behind_doors

Notes
Turn   | Place    | Note
-------+----------+-------------------------------------------
     0 | Abyss:1  | spiderkeys the Mummy Abyssal Knight began the quest for the
                  | Orb.
     0 | Abyss:1  | Reached XP level 1. HP: 18/18 MP: 2/2
     0 | Abyss:1  | magus.rc [v1.11.3]
    33 | Abyss:1  | Noticed an ancient zyme
    58 | Abyss:1  | Noticed a worldbinder
    61 | Abyss:1  | Noticed a tarantella
    61 | D:1      | You pass through the gate.
    61 | D:1      | Escaped the Abyss
   439 | D:1      | Reached skill level 1 in Dodging
   536 | D:1      | You pick up a book of Minor Magic and begin reading...
   536 | D:1      | You add the spells Magic Dart, Call Imp and Mephitic Cloud
                  | to your library.
   652 | D:1      | Reached XP level 2. HP: 24/24 MP: 3/3
   711 | D:1      | Found a faded altar of an unknown god.
  1033 | D:2      | HP: 2/24 [gnoll/+0 flail (6)]
  1034 | D:2      | Mangled by a gnoll

Vanquished Creatures
  3 bats
  2 goblins (D:1)
  2 hobgoblins (D:1)
  A ball python (D:1)
  2 frilled lizards (D:1)
  A kobold (D:1)
  2 rats
13 creatures vanquished.

Table legend:
 A = Non-vault XP
 B = Vault XP
 C = Vault XP percentage of total XP
 D = Non-vault monster count
 E = Vault monster count
 F = Vault count percentage of total count
                 A         B        C        D         E       F
            +---------+---------+-------+---------+---------+-------
      Total |      18 |       0 |   0.0 |      13 |       0 |   0.0
            +---------+---------+-------+---------+---------+-------
        D:1 |      16 |       0 |   0.0 |      11 |       0 |   0.0
        D:2 |       2 |       0 |   0.0 |       2 |       0 |   0.0
            +---------+---------+-------+---------+---------+-------

Illustrated notes

Table legend:
 A = Kills in this place as a percentage of kills in entire the game.
 B = Kills by you in this place as a percentage of kills by you in the entire game.
 C = Kills by friends in this place as a percentage of kills by friends in the entire game.
 D = Other kills in this place as a percentage of other kills in the entire game.
 E = Experience gained in this place as a percentage of experience gained in the entire game.
 F = Experience gained in this place divided by the number of levels of this place that you have seen.
                   A       B       C       D       E      F
               +-------+-------+-------+-------+-------+----------------------
         Total | 100.0 | 100.0 |   N/A |   N/A | 100.0 |   6.0
       Dungeon | 100.0 | 100.0 |   N/A |   N/A | 100.0 |   9.0
               +-------+-------+-------+-------+-------+----------------------

Table legend: (Time is in decaauts)
 A = Elapsed time spent in this place.
 B = Non-inter-level travel time spent in this place.
 C = Inter-level travel time spent in this place.
 D = Time resting spent in this place.
 E = Time spent auto-exploring this place.
 F = Levels seen in this place.
 G = Mean time per level.
                   A        B        C        D        E       F      G
               +--------+--------+--------+--------+--------+-----+--------+
         Total |   1033 |   1021 |     12 |    119 |    762 |   3 |  344.3 |
       Dungeon |    972 |    960 |     12 |    119 |    729 |   2 |  486.0 |
         Abyss |     61 |     61 |      0 |      0 |     33 |   1 |   61.0 |
               +--------+--------+--------+--------+--------+-----+--------+

Top non-repeatable levels by time:
     D:1: 914 daAuts
 Abyss:1: 61 daAuts
     D:2: 57 daAuts
